 Dungeon Crawl Stone Soup version 0.25.0-9-g26727b657a (webtiles) character file.

Game seed: 14883371972474294679

317 Esekla the Conjurer (level 6, -5/42 HPs)
             Began as a Demonspawn Conjurer on June 16, 2020.
             Slain by an orc warrior
             ... wielding a +0 trident
              (15 damage)
             ... on level 3 of the Dungeon.
             The game lasted 00:18:02 (2710 turns).

Esekla the Conjurer (Demonspawn Conjurer)           Turns: 2710, Time: 00:18:02

Health: -5/42      AC:  3    Str:  8    XL:     6   Next: 20%
Magic:  1/11       EV: 13    Int: 19    God:
Gold:   133        SH:  0    Dex: 13    Spells: 8/11 levels left

rFire    . . .     SeeInvis .   e - +0 spear (venom)
rCold    . . .     Gourm    .   (no shield)
rNeg     . . .     Faith    .   a - +0 robe
rPois    .         Spirit   .   (helmet restricted)
rElec    .         Reflect  .   q - +0 cloak
rCorr    .         Harm     .   (no gloves)
MR       .....                  (no boots)
Stlth    ++........             (no amulet)
HPRegen  0.14/turn              (no ring)
MPRegen  0.12/turn              (no ring)

@: no status effects
A: horns 1, powered by death 2
a: no special abilities


You were on level 3 of the Dungeon.
You were not hungry.

You visited 1 branch of the dungeon, and saw 4 of its levels.

You collected 133 gold pieces.

Inventory:

Hand Weapons
 e - a +0 spear of venom (weapon)
 o - a +0 short sword
Missiles
 i - 3 poisoned darts (quivered)
Armour
 a - a +0 robe (worn)
 q - a +0 cloak (worn)
Jewellery
 j - an uncursed amulet of guardian spirit
 p - an uncursed ring of fire
Wands
 r - a wand of flame (14)
Scrolls
 b - 4 scrolls of identify {unknown}
 f - 3 scrolls of teleportation {unknown}
 k - 2 scrolls of remove curse {unknown}
 l - a scroll of enchant armour {unknown}
 m - 2 scrolls of amnesia {unknown}
 t - a scroll of magic mapping {unknown}
 v - a scroll of fog {unknown}
Potions
 d - 2 potions of flight {unknown}
 g - a potion of curing {unknown}
 h - a potion of heal wounds {unknown}
 n - a potion of ambrosia {unknown}
 s - a potion of haste {unknown}
Comestibles
 c - 4 rations
 u - 2 chunks of flesh


   Skills:
 + Level 0.8 Fighting
 + Level 1.6 Polearms
 + Level 2.6 Dodging
 + Level 3.3 Stealth
 * Level 3.3 Spellcasting
 + Level 5.2 Conjurations


You had 8 spell levels left.
You knew the following spells:

 Your Spells              Type           Power        Failure   Level  Hunger
a - Magic Dart            Conj           ###.         1%          1    None
e - Searing Ray           Conj           ###...       2%          2    ##.....

Your spell library contained the following spells:

 Spells                   Type           Power        Failure   Level  Hunger
 Dazzling Flash           Conj/Hex       ##....       16%         3    ###....
 Fulminant Prism          Conj/Hex       ##........   45%         4    ####...
 Iskenderun's Mystic Bla  Conj/Tloc      ##......     45%         4    ####...


Dungeon Overview and Level Annotations

Branches:
Dungeon (4/15)
 Temple: D:4-7

Altars:
Uskayaw


Innate Abilities, Weirdness & Mutations

You have a pair of small horns on your head.
You regenerate health from kills.


Message History

The orc warrior is lightly wounded.
The searing ray hits the orc.
You kill the orc!
The orc warrior hits you from afar with a +0 trident!
The searing ray misses the orc warrior.
The orc warrior hits you from afar with a +0 trident.
The searing ray hits the orc warrior.
The orc warrior is moderately wounded.
You finish channeling your searing ray.
The orc warrior hits you from afar with a +0 trident!
* * * LOW HITPOINT WARNING * * *
Attack whom?
Press: ? - help, Dir - move target cursor, f/p - orc warrior
Aim: an orc warrior, wielding a +0 trident and wearing a +0 plate armour (moderately wounded)
You reach to attack!
You hit the orc warrior but do no damage.
The orc warrior is poisoned.
The orc warrior is moderately wounded.
The orc warrior hits you from afar with a +0 trident!
You die...

#.........####
#.........# #
#.........## #
####.#.....# #
#####.#.....# #
#...........#
#...........#
#####...........#
#.@.......#.....#
#.#########.....#
#o# #.....# #.#
#.....# #)#
####### #.# #.#
#.# #.#


You could see an orc warrior (very poisoned).

Vanquished Creatures
  Sigmund (D:2)
  An orc wizard (D:3)
  A killer bee zombie (D:3)
  3 adders
  2 worms
  A dart slug (D:2)
  3 leopard geckos
  6 orcs (D:3)
  A ball python (D:2)
  2 giant cockroaches (D:1)
  8 goblins
  5 hobgoblins
  8 kobolds
  3 quokkas
  13 bats
  8 frilled lizards
  6 rats
72 creatures vanquished.

Notes
Turn   | Place    | Note
-------+----------+-------------------------------------------
     0 | D:1      | Esekla the Demonspawn Conjurer began the quest for the Orb.
     0 | D:1      | Reached XP level 1. HP: 13/13 MP: 3/3
   225 | D:1      | Gained mutation: You regenerate a little health from kills.
                  | [demonic ancestry]
   225 | D:1      | Reached XP level 2. HP: 19/19 MP: 3/5
   685 | D:1      | Learned a level 2 spell: Searing Ray
   883 | D:2      | Gained mutation: You regenerate health from kills. [demonic
                  | ancestry]
   883 | D:2      | Reached XP level 3. HP: 22/24 MP: 3/6
  1170 | D:2      | Noticed Sigmund
  1465 | D:2      | Killed Sigmund
  1465 | D:2      | Reached skill level 1 in Polearms
  1465 | D:2      | Reached skill level 5 in Conjurations
  1465 | D:2      | Gained mutation: You have a pair of small horns on your
                  | head. [demonic ancestry]
  1465 | D:2      | Reached XP level 4. HP: 23/31 MP: 2/8
  1465 | D:2      | Reached XP level 5. HP: 27/36 MP: 2/9
  2144 | D:3      | Found a hide-covered altar of Uskayaw.
  2520 | D:4      | Reached XP level 6. HP: 37/42 MP: 10/10
  2699 | D:3      | Noticed an orc warrior
  2710 | D:3      | Slain by an orc warrior

Illustrated notes

Levels and vault maps discovered:
D:1:      wander_arrival_estate, layout_loops_ring, minmay_crystal_water
D:2:      layout_basic, first_ration, uniq_sigmund
D:3:      layout_basic, lemuel_doored_altar, due_unseen_surprise
D:4:      layout_cave_pods, serial_shops, nicolae_shop_statue_plus,
          kennysheep_generic_room_13

Skill      XL: |  1  2  3  4  5 |
---------------+----------------+-----
Stealth        | 2 3 |  3.3
Dodging        | 2 |  2.6
Polearms       | 1 |  1.6
Conjurations   | 5 |  5.2
Spellcasting   | 3 |  3.3
Fighting       | |  0.8

Action                   |  1- 3 |  4- 6 || total
-------------------------+-------+-------++-------
Melee: Spear             |    49 |    50 ||    99
       Unarmed           |     3 |       ||     3
       Short sword       |       |     2 ||     2
       Headbutt          |       |     1 ||     1
 Cast: Magic Dart        |    12 |     2 ||    14
       Searing Ray       |     5 |    18 ||    23
 Stab: Sleeping          |     4 |     1 ||     5
  Eat: Chunk             |     1 |     6 ||     7
Armor: Robe              |    16 |    22 ||    38
Dodge: Dodged            |    36 |    55 ||    91
